 Dungeon Crawl Stone Soup version 0.29.1-15-g9cfb28693d (webtiles) character file.

Game seed: 12820262985376009231

142 zeram the Caller (level 5, 0/45 HPs)
             Began as a Troll Summoner on Apr 24, 2023.
             Killed from afar by Ijyb (7 damage)
             ... with a puff of flame
             ... on level 4 of the Dungeon.
             The game lasted 00:02:35 (1871 turns).

zeram the Caller (Troll Summoner)                   Turns: 1871, Time: 00:02:35

Health: 0/45       AC:  5    Str: 16    XL:     5   Next: 3%
Magic:  6/6        EV: 10    Int: 13    God:
Gold:   103        SH:  0    Dex: 10    Spells: 1/7 levels left

rFire   . . .      SeeInvis .   l - +1 mace
rCold   . . .      Faith    .   (no shield)
rNeg    . . .      Spirit   .   a - +1 robe
rPois   .          Reflect  .   (helmet restricted)
rElec   .          Harm     .   (no cloak)
rCorr   .          Rampage  .   (gloves unavailable)
Will    .....                   (boots unavailable)
Stlth   +.........              (no amulet)
HPRegen 0.95/turn               (no ring)
MPRegen 0.10/turn               (no ring)

@: about to teleport
A: large, unfitting armour, claws 3, regeneration 1, shaggy fur 1, tough skin 1
a: no special abilities


You were on level 4 of the Dungeon.
You visited 1 branch of the dungeon, and saw 4 of its levels.

You collected 103 gold pieces.

Inventory:

Hand Weapons
 l - a +1 mace (weapon)
Armour
 a - a +1 robe (worn)
Jewellery
 e - a ring of fire
Scrolls
 c - a scroll of magic mapping {unknown}
 d - a scroll of butterflies {unknown}
 f - a scroll of amnesia {unknown}
 j - a scroll of vulnerability {unknown}
 p - a scroll of blinking
Potions
 b - a potion of magic
 h - a potion of degeneration {unknown}
 i - 3 potions of curing
 k - a potion of heal wounds {unknown}
 m - 2 potions of mutation {unknown}
 n - a potion of might {unknown}
 o - a potion of lignification {unknown}


   Skills:
 + Level 1.0 Maces & Flails
 + Level 2.6 Dodging
 - Level 1.1 Stealth
 + Level 1.5 Spellcasting
 + Level 4.0 Summonings


You had one spell level left.
You knew the following spells:

 Your Spells              Type           Power      Damage    Failure   Level
a - Summon Small Mammal   Summ           44%        N/A       5%          1
b - Call Imp              Summ           11%        N/A       8%          2
c - Call Canine Familiar  Summ           11%        N/A       16%         3

Your spell library contained the following spells:

 Spells                   Type           Power      Damage    Failure   Level
 Foxfire                  Conj/Fire      0%         2x1d4     26%         1
 Magic Dart               Conj           0%         1d3       26%         1
 Slow                     Hex            0%         N/A       26%         1
 Summon Guardian Golem    Hex/Summ       6%         N/A       34%         3
 Searing Ray              Conj           0%         2d4       38%         2
 Conjure Flame            Conj/Fire      0%         6-21      63%         3
 Inner Flame              Hex/Fire       0%         N/A       63%         3
 Ozocubu's Armour         Ice            0%         N/A       63%         3
 Summon Lightning Spire   Summ/Air       6%         N/A       75%         4
 Flame Wave               Conj/Fire      0%         2d4       95%         4
 Fulminant Prism          Conj/Hex       0%         3d6       95%         4
 Metabolic Englaciation   Hex/Ice        0%         N/A       100%        5
 Simulacrum               Ice/Necr       0%         N/A       100%        6


Dungeon Overview and Level Annotations

Branches:
Dungeon (4/15)
 Temple: D:4-7

Altars:
Nemelex Xobeh

Annotations:
D:4 Ijyb


Innate Abilities, Weirdness & Mutations

You are too large for most types of armour.
You have claws for hands.
Your natural rate of healing is unusually fast.
You are covered in fur. (AC +1)
You have tough skin. (AC +1)


Message History

You start memorising the spell.
You continue memorising. x2
You finish memorising.
Spell assigned to 'b'.
This spell is dangerous to cast!
Memorise Call Canine Familiar, consuming 3 spell levels and leaving 1?
You start memorising the spell.
You continue memorising. x3
HP restored.
You finish memorising.
Spell assigned to 'c'.
Okay, then.
o - a bubbling orange potion You open the door.
Found a short sword.
There is an open door here.
You see here a +0 short sword.
p - a scroll of blinking As you open the door, it creaks loudly!
You hear a shout!
Ijyb the Twisted Goblin comes into view.
She is wielding a +4 spectral club and carrying a wand of flame (19).
An iguana comes into view.
There are monsters nearby!
There are monsters nearby!
Ijyb zaps a wand.
The puff of flame hits you!
Ijyb zaps a wand.
The puff of flame hits you!
You hit the iguana but do no damage. The iguana closely misses you.
You hit the iguana.
The iguana is lightly wounded.
The iguana bites you! The iguana misses you.
Ijyb hits you with a +4 spectral club.
You are too injured to fight recklessly!
You are too injured to fight recklessly!
Okay, then.
As you read the scroll of teleportation, it crumbles to dust.
You feel strangely unstable. Ijyb hits you with a +4 spectral club.
The iguana bites you!
* * * LOW HITPOINT WARNING * * *
The iguana attacks as you move away! The iguana closely misses you.
The iguana attacks as you move away! The iguana bites you.
* * * LOW HITPOINT WARNING * * *
The iguana attacks as you move away! The iguana bites you.
* * * LOW HITPOINT WARNING * * *
Found a scroll of blinking.
Ijyb zaps a wand.
The puff of flame hits you!
You die...

##...###...#..........#
#.....#....######)....#
#.....#....#....#.....+
#.....#....#..?.#.....#
#.....#....+....+.....#
#....###...##...#.....#
#....# #...##...#.....#
...... #...#.....#
...... #...@.....#
#...#.g...# #...#l....#
#...#.....# #...#.....#
#...###...... ....
#........ #....
#........ +........


You could see Ijyb and an iguana.

Vanquished Creatures
  A hound (D:4)
  Jessica (D:3)
  2 adders (D:2)
  A worm (D:2)
  A dart slug (D:2)
  8 ball pythons
  8 endoplasms
  3 giant cockroaches (D:2)
  5 goblins
  3 hobgoblins
  7 kobolds
  4 quokkas
  10 bats
  A frilled lizard (D:2)
  2 rats
57 creatures vanquished.

Notes
Turn   | Place    | Note
-------+----------+-------------------------------------------
     0 | D:1      | zeram the Troll Summoner began the quest for the Orb.
     0 | D:1      | Reached XP level 1. HP: 16/16 MP: 1/1
    17 | D:1      | Reached skill level 3 in Summonings
    41 | D:1      | Found a faded altar of an unknown god.
   310 | D:1      | Reached XP level 2. HP: 24/24 MP: 3/3
   516 | D:2      | Reached XP level 3. HP: 17/31 MP: 4/4
   941 | D:2      | Reached XP level 4. HP: 29/39 MP: 5/5
  1392 | D:3      | Found a faded altar of an unknown god.
  1397 | D:3      | Found a sparkling altar of Nemelex Xobeh.
  1576 | D:3      | Noticed Jessica
  1586 | D:3      | Killed Jessica
  1594 | D:3      | Reached skill level 4 in Summonings
  1601 | D:3      | Got Jessica's Handbook of Curses
  1813 | D:4      | Reached skill level 1 in Maces & Flails
  1813 | D:4      | Reached XP level 5. HP: 35/45 MP: 6/6
  1825 | D:4      | Learned a level 2 spell: Call Imp
  1829 | D:4      | Learned a level 3 spell: Call Canine Familiar
  1862 | D:4      | Noticed Ijyb
  1871 | D:4      | Killed from afar by Ijyb

Illustrated notes

Levels and vault maps discovered:
D:1:      dpeg_arrival_arbitrary_b, layout_rooms, ebering_ecumenical_altar_webs,
          feat_on_display
D:2:      layout_basic, minmay_guardbox
D:3:      layout_loops_ring, nicolae_overflow_ecumenical_swirl,
          kennysheep_jessica_study
D:4:      layout_gridville, uniq_sigmund, uniq_eustachio, uniq_ijyb

Skill      XL: |  1  2  3  4 |
---------------+-------------+-----
Summonings     | 3 4 |  4.0
Dodging        | 2 |  2.6
Maces & Flails | 1 |  1.0
Stealth        | |  1.1
Spellcasting   | |  1.5

Action                   |  1- 3 |  4- 6 || total
-------------------------+-------+-------++-------
Melee: Unarmed           |   115 |       ||   115
       Punch             |     1 |     1 ||     2
       Mace              |       |    81 ||    81
  Use: Scroll            |       |     8 ||     8
 Stab: Sleeping          |     2 |     1 ||     3
Armor: Robe              |    64 |    52 ||   116
Dodge: Dodged            |    83 |    67 ||   150
